 Dungeon Crawl Stone Soup version 0.29.1-1-gd02db6906a (webtiles) character file.

Game seed: 540878374237414686

53 EvilAshe the Magician (level 3, 0/24 HPs)
             Began as a Demonspawn Hedge Wizard on Oct 1, 2022.
             Slain by an orc
             ... wielding a +0 mace
              (3 damage)
             ... on level 3 of the Dungeon.
             The game lasted 00:06:52 (3184 turns).

EvilAshe the Magician (Demonspawn Hedge Wizard)     Turns: 3184, Time: 00:06:53

Health: 0/24       AC:  6    Str: 10    XL:     3   Next: 62%
Magic:  2/8        EV: 11    Int: 17    God:
Gold:   93         SH:  0    Dex: 12    Spells: 4/9 levels left

rFire   . . .      SeeInvis .   a - +0 dagger
rCold   . . .      Faith    .   (no shield)
rNeg    . . .      Spirit   .   h - +0 leather armour
rPois   .          Reflect  .   c - +0 hat
rElec   .          Harm     .   o - +0 cloak
rCorr   .          Rampage  .   (no gloves)
Will    .....                   (no boots)
Stlth   ++........              (no amulet)
HPRegen 0.08/turn               (no ring)
MPRegen 0.22/turn               (no ring)

@: no status effects
A: icy blue scales 1, magic regeneration
a: no special abilities


You were on level 3 of the Dungeon.
You visited 1 branch of the dungeon, and saw 3 of its levels.

You collected 93 gold pieces.

Inventory:

Hand Weapons
 a - a +0 dagger (weapon)
Armour
 c - a +0 hat (worn)
 h - a +0 leather armour (worn)
 i - a +2 tower shield
 o - a +0 cloak (worn)
Scrolls
 e - 2 scrolls of identify {unknown}
 g - 3 scrolls of vulnerability {unknown}
 j - a scroll of noise {unknown}
 k - 2 scrolls of teleportation {unknown}
 m - a scroll of poison {unknown}
 p - a scroll of torment {unknown}
Potions
 b - a potion of heal wounds {unknown}
 d - a potion of magic
 f - 2 potions of curing {unknown}
 l - a potion of attraction {unknown}
 n - a potion of might {unknown}


   Skills:
 - Level 1.7 Dodging
 - Level 1.7 Stealth
 + Level 3.6 Spellcasting
 + Level 2.4 Conjurations
 + Level 1.5 Summonings
 - Level 0.8 Translocations


You had 4 spell levels left.
You knew the following spells:

 Your Spells              Type           Power      Damage    Failure   Level
a - Magic Dart            Conj           44%        1d5       9%          1
b - Call Imp              Summ           8%         N/A       19%         2
c - Blink                 Tloc           12%        N/A       24%         2

Your spell library contained the following spells:

 Spells                   Type           Power      Damage    Failure   Level
 Slow                     Hex            12%        N/A       22%         1
 Conjure Flame            Conj/Fire      7%         6-21      38%         3
 Mephitic Cloud           Conj/Pois/Air  5%         N/A       43%         3
 Summon Guardian Golem    Hex/Summ       5%         N/A       43%         3
 Orb of Destruction       Conj           5%         9d5       100%        7
 Spellforged Servitor     Conj/Summ      4%         N/A       100%        7


Dungeon Overview and Level Annotations

Branches:
Dungeon (3/15)

Altars:
Dithmenos

Annotations:
D:2 1 runed translucent door, Crazy Yiuf


Innate Abilities, Weirdness & Mutations

You are partially covered in icy blue scales. (AC +2)
You regenerate magic rapidly.


Message History

The orc barely misses you.
You hit the orc but do no damage.
The orc is heavily wounded.
The orc hits you with a +0 mace.
Casting: Magic Dart (safe; 9% risk of failure)
Confirm with . or Enter, or press ? or * to list all spells.
A beastly little devil appears in a puff of flame.
The orc hits you but does no damage. The orc hits you with a +0 mace.
Your crimson imp blinks!
You barely miss the orc.
The orc is heavily wounded.
The orc hits you with a +0 mace.
You hit the orc but do no damage.
The orc is heavily wounded.
The orc hits you with a +0 mace.
You hit the orc but do no damage.
The orc is heavily wounded.
The orc completely misses you.
Your crimson imp hits the orc but does no damage.
You hit the orc but do no damage.
The orc is heavily wounded.
The orc hits you with a +0 mace.
Your crimson imp hits the orc but does no damage.
You hit the orc but do no damage.
The orc is heavily wounded.
The orc hits you with a +0 mace.
* * * LOW HITPOINT WARNING * * *
Your crimson imp hits the orc but does no damage.
You hit the orc but do no damage.
The orc is heavily wounded.
The orc hits you but does no damage.
Your crimson imp hits the orc but does no damage.
You closely miss the orc.
The orc is heavily wounded.
The orc hits you with a +0 mace.
* * * LOW HITPOINT WARNING * * *
Your crimson imp hits the orc.
The orc attacks as you move away! The orc hits you with a +0 mace.
You die...

#+#######
##.......#
.........#
#.......## ######
###.......# #....#
.......@..###....#
......o.....'....##
......5..####.....#
##......##
###...### #.......
#8....8# .........
##.....## .........
##.....###
.........#
##.....⌠. ###.
..###+###8......


You could see an orc (ally target) and a friendly crimson imp (summoned).

Vanquished Creatures
  2 dart slugs (D:1)
  An orc (D:3)
  5 endoplasms
  3 giant cockroaches
  2 goblins
  4 hobgoblins
  3 jackals
  A quokka (D:2)
  6 ball pythons
  4 frilled lizards
  7 kobolds
  5 rats
43 creatures vanquished.

Notes
Turn   | Place    | Note
-------+----------+-------------------------------------------
     0 | D:1      | EvilAshe the Demonspawn Hedge Wizard began the quest for
                  | the Orb.
     0 | D:1      | Reached XP level 1. HP: 13/13 MP: 4/4
   603 | D:1      | Gained mutation: You regenerate magic rapidly. [demonic
                  | ancestry]
   603 | D:1      | Reached XP level 2. HP: 19/19 MP: 0/6
   709 | D:1      | Learned a level 2 spell: Call Imp
  1706 | D:2      | Gained mutation: You are partially covered in icy blue
                  | scales. (AC +2) [demonic ancestry]
  1706 | D:2      | Reached XP level 3. HP: 24/24 MP: 4/8
  1752 | D:2      | Found a faded altar of an unknown god.
  1760 | D:2      | Found a shadowy altar of Dithmenos.
  2666 | D:2      | Found a runed translucent door.
  2667 | D:2      | Noticed Crazy Yiuf
  2839 | D:2      | Learned a level 2 spell: Blink
  3184 | D:3      | Slain by an orc

Illustrated notes

Levels and vault maps discovered:
D:1:      dpeg_arrival_round_c, layout_loops_cross, nicolae_figureground_pulse
D:2:      layout_loops_corners, basic_altar,
          hellmonk_ecumenical_altar_crossroads, uniq_crazy_yiuf_cottage
D:3:      layout_basic, serial_corexii_hall, chequers_hall_statues_y,
          chequers_hall_statues_y, corexii_hall_statues_s, minmay_vboxes

Skill      XL: |  1  2 |
---------------+-------+-----
Conjurations   | 2 |  2.4
Dodging        | |  1.7
Stealth        | |  1.7
Spellcasting   | |  3.6
Summonings     | |  1.5
Translocations | |  0.8

Action                   || total
-------------------------++-------
Melee: Dagger            ||   106
 Cast: Magic Dart        ||    87
       Call Imp          ||     1
 Stab: Sleeping          ||     2
       Distracted        ||     1
Armor: Robe              ||     2
       Leather armour    ||    45
Dodge: Dodged            ||    67
